 Dungeon Crawl Stone Soup version 0.24.0-13-gcf9b319 (webtiles) character file.

Game seed: 16527044828985489751, levelgen mode: deterministic

86 Felrender the Skirmisher (level 4, -3/37 HPs)
             Began as a Demonspawn Abyssal Knight on Feb 10, 2020.
             Was a Believer of Lugonu.
             Killed from afar by an orc wizard (6 damage)
             ... with a puff of flame
             ... on level 3 of the Dungeon on Mar 7, 2020.
             The game lasted 00:07:50 (2106 turns).

Felrender the Skirmisher (DsAK)                     Turns: 2106, Time: 00:07:51

Health: -3/37      AC:  9    Str: 13    XL:     4   Next: 26%
Magic:  0/5        EV:  6    Int: 14    God:    Lugonu [**....]
Gold:   148        SH:  0    Dex: 12    Spells: 3/3 levels left

rFire    . . .     SeeInvis .   a - +1 falchion
rCold    . . .     Gourm    .   (no shield)
rNeg     . . .     Faith    .   h - +0 chain mail
rPois    .         Spirit   +   (no helmet)
rElec    .         Reflect  .   (no cloak)
rCorr    .         Harm     .   (no gloves)
MR       .....                  b - +0 pair of boots
Stlth    ..........             (no amulet)
HPRegen  0.12/turn              (no ring)
MPRegen  0.18/turn              (no ring)

@: no status effects
A: magic shield, magic regeneration
a: Depart the Abyss, Bend Space, Renounce Religion


You were on level 3 of the Dungeon.
You worshipped Lugonu.
Lugonu was pleased with you.
You were not hungry.

You visited 1 branch of the dungeon, and saw 3 of its levels.
You visited the Abyss 1 time.

You collected 148 gold pieces.

Inventory:

Hand Weapons
 a - a +1 falchion (weapon)
 k - a +0 hunting sling
Armour
 b - a +0 pair of boots (worn)
 h - a +0 chain mail (worn)
Jewellery
 g - a +3 ring of intelligence {unknown}
Potions
 d - 3 potions of lignification (quivered) {unknown}
 e - 2 potions of might {unknown}
 f - a potion of degeneration {unknown}
 i - 2 potions of curing {unknown}
 j - a potion of flight {unknown}
Comestibles
 c - 4 rations
 l - 2 chunks of flesh


   Skills:
 + Level 4.1 Fighting
 + Level 2.6 Long Blades
 + Level 2.1 Armour
 + Level 1.0 Dodging
 + Level 0.4 Stealth
 + Level 2.6 Invocations


You had 3 spell levels left.
You didn't know any spells.
Your spell library was empty.

Dungeon Overview and Level Annotations

Branches:
Dungeon (3/15)

Altars:


Innate Abilities, Weirdness & Mutations

When hurt, damage is shared between your health and your magic reserves.
You regenerate magic rapidly.


Message History

A puff of flame appears from out of thin air!
The puff of flame hits you.
* * * LOW HITPOINT WARNING * * *
Something hits you but does no damage. Something hits you.
* * * LOW HITPOINT WARNING * * *
You miss something.
Something hits you but does no damage. x2
You hit something but do no damage.
You hear some strange, mumbled words.
A magic dart appears from out of thin air!
The magic dart hits you.
* * * LOW HITPOINT WARNING * * *
You hear some strange, mumbled words.
A puff of flame appears from out of thin air!
The puff of flame hits you.
* * * LOW HITPOINT WARNING * * *
You hit something.
You hear some strange, mumbled words.
A puff of flame appears from out of thin air!
The puff of flame hits you!
You die...

#######{o
#......o#
###.####
#..†...#
#.#.##.....<.
#.#.# ###.#.#
#.#{#####...#
#.#.@{oo...##
.
#.########.#
###. ##.# #..
#..# #.# #.##
####<## #.#
#......
##.######
#.##.##
#.......#
#.##÷##
#..####.#
#.##.##


You could see 2 orcs.

Vanquished Creatures
  3 adders
  2 dart slugs (D:1)
  2 leopard geckos (D:1)
  An orc (D:3)
  5 giant cockroaches
  A goblin (D:2)
  6 hobgoblins
  6 jackals
  A ball python (D:1)
  5 bats
  6 frilled lizards
  7 kobolds
  6 rats
51 creatures vanquished.

Notes
Turn   | Place    | Note
-------+----------+-------------------------------------------
     0 | Abyss:1  | Felrender the Demonspawn Abyssal Knight began the quest for
                  | the Orb.
     0 | Abyss:1  | Reached XP level 1. HP: 18/18 MP: 2/2
    44 | Abyss:1  | Noticed a quasit
    47 | D:1      | Escaped the Abyss
   217 | D:1      | Reached * piety under Lugonu
   217 | D:1      | Gained mutation: When hurt, damage is shared between your
                  | health and your magic reserves. [demonic ancestry]
   217 | D:1      | Reached XP level 2. HP: 17/24 MP: 3/3
   944 | D:1      | Reached XP level 3. HP: 29/30 MP: 4/4
  1235 | D:1      | Reached skill level 1 in Dodging
  1669 | D:2      | Reached ** piety under Lugonu
  1669 | D:2      | Reached skill level 4 in Fighting
  1669 | D:2      | Gained mutation: You regenerate magic rapidly. [demonic
                  | ancestry]
  1669 | D:2      | Reached XP level 4. HP: 29/37 MP: 3/5
  2106 | D:3      | Killed from afar by an orc wizard

Levels and vault maps discovered:
D:1:      elethiomel_arrival_quiet, layout_loops_corners
D:2:      layout_loops_cross
D:3:      layout_loops_cross, okawaru_ov_weapons_minmay

Skill      XL: |  1  2  3 |
---------------+----------+-----
Long Blades    | 2 |  2.6
Armour         | 2 |  2.1
Dodging        | 1 |  1.0
Fighting       | 4 |  4.1
Stealth        | |  0.4
Invocations    | |  2.6

Action                   |  1- 3 |  4- 6 || total
-------------------------+-------+-------++-------
Melee: Falchion          |   111 |    52 ||   163
Invok: Depart the Abyss  |     1 |       ||     1
  Use: Scroll            |     1 |       ||     1
  Eat: Ration            |     1 |       ||     1
       Chunk             |     1 |       ||     1
Armor: Leather armour    |     9 |       ||     9
       Chain mail        |    41 |    71 ||   112
Dodge: Dodged            |    50 |    21 ||    71
       Rpst.: Falchion   |    19 |     5 ||    24
